 Dungeon Sprint DCSS version 0.26-a0-649-gf8c6c3aab7 (webtiles) character file.

Game seed: 8119848617115429427

6575 sahdkjhfkaj the Eclecticist (level 10, -4/50 HPs)
             Began as a Deep Elf Conjurer on Sept 26, 2020.
             Was an Elder of Sif Muna.
             Slain by a death yak (28 damage)
             ... in the Dungeon (Sprint IX: "|||||||||||||||||||||||||||||").
             The game lasted 00:07:41 (3030 turns).

sahdkjhfkaj the Eclecticist (Deep Elf Conjurer)     Turns: 3030, Time: 00:07:42

Health: -4/50      AC:  4    Str:  7    XL:     10   Next: 70%
Magic:  23/35      EV: 25    Int: 27    God:    Sif Muna [****..]
Gold:   0          SH:  0    Dex: 16    Spells: 38/48 levels left

rFire    . . .     SeeInvis .   j - +2 scimitar (elec)
rCold    . . .     Faith    .   (no shield)
rNeg     . . .     Spirit   .   a - +0 robe
rPois    .         Reflect  .   l - +0 helmet
rElec    .         Harm     .   k - +0 cloak
rCorr    .         Rampage  .   (no gloves)
MR       +....     NoTele   +   (no boots)
Stlth    ++........             (no amulet)
HPRegen  0.16/turn              m - +3 ring of strength
MPRegen  0.24/turn              n - +3 ring of dexterity

@: no status effects
A: no striking features
a: Channel Magic, Forget Spell, Divine Exegesis, Renounce Religion


You were in the Dungeon.
You worshipped Sif Muna.
Sif Muna was greatly pleased with you.
You visited 1 branch

Inventory:

Hand Weapons
 j - a +2 scimitar of electrocution (weapon)
Armour
 a - a +0 robe (worn)
 k - a +0 cloak (worn)
 l - a +0 helmet (worn)
Jewellery
 m - a +3 ring of strength (left hand)
 n - a +3 ring of dexterity (right hand)
Wands
 i - a wand of iceblast (9)
Scrolls
 e - 4 scrolls of remove curse
 g - 2 scrolls of amnesia
 h - a scroll of blinking
 p - a scroll of fear
 r - a scroll of identify
Potions
 b - a potion of invisibility
 c - 8 potions of curing
 d - 6 potions of heal wounds
 f - 4 potions of magic
 o - a potion of berserk rage
 t - a potion of mutation
Miscellaneous
 s - a box of beasts (3/3)


   Skills:
 + Level 16.1 Dodging
 - Level 2.4 Stealth
 + Level 19.6 Spellcasting
 + Level 11.1 Conjurations
 - Level 12.0 Invocations


You had 38 spell levels left.
You knew the following spells:

 Your Spells              Type           Power        Failure   Level
a - Magic Dart            Conj           ####         0%          1
b - Searing Ray           Conj           ######       1%          2
c - Orb of Destruction    Conj           ######....   14%         7

Your spell library contained the following spells:

 Spells                   Type           Power        Failure   Level
 Dazzling Flash           Conj/Hex       ######       1%          3
 Stone Arrow              Conj/Erth      ######       1%          3
 Fulminant Prism          Conj/Hex       ######....   1%          4
 Hailstorm                Conj/Ice       ######..     1%          4
 Iskenderun's Mystic Bla  Conj/Tloc      ######..     1%          4
 Sticky Flame             Conj/Fire      ######..     1%          4
 Corpse Rot               Necr/Air       N/A          2%          2
 Poisonous Vapours        Pois/Air       ####..       2%          2
 Airstrike                Air            ####......   16%         4
 Summon Ice Beast         Ice/Summ       ####....     16%         4
 Summon Lightning Spire   Summ/Air       ####....     16%         4
 Conjure Ball Lightning   Conj/Air       ######....   26%         6
 Iron Shot                Conj/Erth      ######....   26%         6
 Metabolic Englaciation   Hex/Ice        ####......   41%         5


Dungeon Overview and Level Annotations

Branches:
Dungeon (1/1)

Altars:
Cheibriados
Dithmenos
Elyvilon
Fedhas
Gozag
Hepliaklqana
Kikubaaqudgha
Makhleb
Nemelex Xobeh
Okawaru
Qazlal
Ru
Sif Muna
Trog
Uskayaw
Vehumet
Wu Jian
Xom
Yredelemnul
Zin
The Shining One
Beogh
Jiyva
Lugonu


Message History

The searing ray hits the death yak!
You kill the death yak!
Sif Muna accepts your kill.
Your box of beasts (3/3) has regained one charge.
Your Dodging skill increases to level 16!
Your Conjurations skill increases to level 11!
The searing ray hits the death yak!
The death yak is severely wounded.
Unknown command.
Unknown command.
The searing ray hits the death yak!
The death yak is severely wounded.
The death yak misses you.
Unknown command.
Unknown command.
The searing ray hits the death yak.
The death yak is almost dead.
You finish channeling your searing ray.
The death yak gores you!!
Ouch! That really hurt!
You die...

▓.▓.▓÷▓
▓.▓.▓÷▓
▓Y▓.▓÷▓
▓Y▓.▓.▓
▓.▓.▓.▓
▓Y▓.▓.▓
▓.▓.▓.▓
▓.▓Y▓.▓
▓.▓@▓'▓
▓Y▓.▓.▓
▓Y▓.▓.▓
▓Y▓.▓.▓
▓.▓.▓.▓
▓(▓.▓.▓
▓.▓.▓'▓
▓.▓.▓_▓
▓.▓.▓_▓


You could see a death yak.

Vanquished Creatures
  2 hydras (D)
  A catoblepas (D)
  A two-headed ogre (D)
  2 death yaks (D)
  A black mamba (D)
  A cane toad (D)
  A komodo dragon (D)
  A hippogriff (D)
  A yak (D)
  A vampire (D)
  A water moccasin (D)
  4 porcupines (D)
  A sky beast (D)
  An ice beast (D)
  A centaur (D)
  3 ogres (D)
  A crocodile (D)
  A big kobold (D)
  4 bullfrogs (D)
  A quasit (D)
  A worker ant (D)
  An adder skeleton (D)
  A leopard gecko (D)
  2 bat skeletons (D)
  A jackal (D)
  A bat (D)
  A frilled lizard (D)
  3 rats (D)
41 creatures vanquished.

Vanquished Creatures (collateral kills)
  A crocodile (D)
1 creature vanquished.

Grand Total: 42 creatures vanquished

Notes
Turn   | Place    | Note
-------+----------+-------------------------------------------
     0 | D        | sahdkjhfkaj the Deep Elf Conjurer began the quest for the
                  | Orb.
     0 | D        | Reached XP level 1. HP: 10/10 MP: 6/6
    55 | D        | Reached skill level 4 in Spellcasting
    55 | D        | Reached skill level 5 in Conjurations
    81 | D        | Noticed an ogre
    81 | D        | Noticed a worker ant
    98 | D        | Killed an ogre
    98 | D        | Reached skill level 8 in Spellcasting
    98 | D        | Reached XP level 2. HP: 15/15 MP: 0/13
    98 | D        | Reached XP level 3. HP: 19/19 MP: 0/14
    98 | D        | Reached XP level 4. HP: 24/24 MP: 0/16
   132 | D        | Reached skill level 9 in Spellcasting
   455 | D        | Learned a level 2 spell: Searing Ray
   465 | D        | Found a roughly hewn altar of Beogh.
   465 | D        | Found a snail-covered altar of Cheibriados.
   465 | D        | Found a shadowy altar of Dithmenos.
   465 | D        | Found a white marble altar of Elyvilon.
   465 | D        | Found a blossoming altar of Fedhas.
   465 | D        | Found an opulent altar of Gozag.
   466 | D        | Found a hazy altar of Hepliaklqana.
   467 | D        | Found a viscous altar of Jiyva.
   468 | D        | Found an ancient bone altar of Kikubaaqudgha.
   469 | D        | Found a corrupted altar of Lugonu.
   470 | D        | Found a burning altar of Makhleb.
   471 | D        | Found a sparkling altar of Nemelex Xobeh.
   472 | D        | Found an iron altar of Okawaru.
   473 | D        | Found a stormy altar of Qazlal.
   474 | D        | Found a sacrificial altar of Ru.
   475 | D        | Found a shimmering blue altar of Sif Muna.
   476 | D        | Found a bloodstained altar of Trog.
   477 | D        | Found a hide-covered altar of Uskayaw.
   478 | D        | Found a radiant altar of Vehumet.
   479 | D        | Found an ornate altar of the Wu Jian Council.
   480 | D        | Found a shimmering altar of Xom.
   481 | D        | Found a basalt altar of Yredelemnul.
   482 | D        | Found a glowing silver altar of Zin.
   483 | D        | Became a worshipper of Sif Muna the Loreminder
   484 | D        | Found a glowing golden altar of the Shining One.
   522 | D        | Noticed a bullfrog
   522 | D        | Noticed an ogre
   522 | D        | Noticed a big kobold
   522 | D        | Noticed an ogre
   525 | D        | Killed a bullfrog
   525 | D        | Reached skill level 10 in Spellcasting
   525 | D        | Reached XP level 5. HP: 28/28 MP: 14/19
   525 | D        | Killed an ogre
   525 | D        | Reached * piety under Sif Muna
   525 | D        | Reached skill level 10 in Conjurations
   526 | D        | Reached skill level 5 in Dodging
   526 | D        | Reached skill level 11 in Spellcasting
   526 | D        | Reached XP level 6. HP: 28/32 MP: 14/22
   527 | D        | Reached skill level 5 in Invocations
   528 | D        | Reached ** piety under Sif Muna
   598 | D        | Noticed a vampire
   598 | D        | Noticed a two-headed ogre
   598 | D        | Noticed a sky beast
   598 | D        | Noticed an ice beast
   601 | D        | Killed a vampire
   601 | D        | Reached skill level 12 in Spellcasting
   601 | D        | Reached XP level 7. HP: 15/36 MP: 19/24
   605 | D        | Reached skill level 13 in Spellcasting
   605 | D        | Reached *** piety under Sif Muna
   606 | D        | Killed a two-headed ogre
   606 | D        | Reached skill level 10 in Dodging
   606 | D        | Reached skill level 14 in Spellcasting
   606 | D        | Reached skill level 10 in Invocations
   606 | D        | Reached XP level 8. HP: 31/41 MP: 14/28
   813 | D        | Noticed a hippogriff
   813 | D        | Noticed a black mamba
   813 | D        | Noticed a four-headed hydra
   816 | D        | Reached **** piety under Sif Muna
   816 | D        | Reached skill level 15 in Spellcasting
   865 | D        | Killed a hippogriff
   865 | D        | Reached XP level 9. HP: 41/45 MP: 26/30
   870 | D        | Killed a four-headed hydra
   870 | D        | Reached ***** piety under Sif Muna
   870 | D        | Identified Sif Muna's Grimoire of Congealing Lightness (Sif
                  | Muna gifted it to you in the Dungeon)
   870 | D        | Received a gift from Sif Muna
   870 | D        | Reached skill level 16 in Spellcasting
  1072 | D        | Killed a black mamba
  1072 | D        | Reached skill level 17 in Spellcasting
  1277 | D        | Noticed a komodo dragon
  1282 | D        | Killed a komodo dragon
  1324 | D        | Noticed a catoblepas
  1362 | D        | Killed a catoblepas
  1362 | D        | Reached XP level 10. HP: 14/50 MP: 26/33
  1584 | D        | Noticed a four-headed hydra
  1586 | D        | Reached skill level 18 in Spellcasting
  1586 | D        | Noticed a cane toad
  1827 | D        | Identified Sif Muna's Volume of the Birds and Attacks (Sif
                  | Muna gifted it to you in the Dungeon)
  1827 | D        | Received a gift from Sif Muna
  2088 | D        | Killed a cane toad
  2473 | D        | Killed a four-headed hydra
  2473 | D        | Reached skill level 15 in Dodging
  2473 | D        | Reached skill level 19 in Spellcasting
  2559 | D        | Noticed a death yak
  2559 | D        | Noticed a catoblepas
  2559 | D        | Noticed a death yak
  2617 | D        | Noticed a death yak
  2866 | D        | Learned a level 7 spell: Orb of Destruction
  3024 | D        | Killed a death yak
  3028 | D        | Killed a death yak
  3030 | D        | Slain by a death yak

Illustrated notes

Levels and vault maps discovered:
D:        linesprint [early_d, line_temple, items_1, d_10, items_2, lair_1,
          lair_end, items_3, orc_1, orc_end, items_4, d_15, swamp_1, shoals_1,
          snake_1, spider_1, d_20, vaults_1, items_5, swamp_end, shoals_end,
          snake_end, spider_end, vaults_end, d_27, items_6, zot_1, zot_end,
          crypt_end, forest_end, elf_end, slime_end, tomb_end, abyss_end,
          pan_hell_end]

Skill      XL: |  1  2  3  4  5  6  7  8  9 10 |
---------------+-------------------------------+-----
Spellcasting   | 8 10 11 12 14 15 17 19 | 19.6
Conjurations   | 7 9 10 11 | 11.1
Dodging        | 5 7 10 11 14 16 | 16.1
Invocations    | 4 6 10 11 12 | 12.0
Stealth        | |  2.4

Action                   |  1- 3 |  4- 6 |  7- 9 | 10-12 || total
-------------------------+-------+-------+-------+-------++-------
Melee: Unarmed           |       |    29 |       |       ||    29
 Cast: Magic Dart        |    12 |     5 |       |     4 ||    21
       Searing Ray       |       |     3 |    10 |    12 ||    25
       Iron Shot         |       |       |       |     1 ||     1
       Orb of Destructio |       |       |       |     1 ||     1
Invok: Divine Exegesis   |       |       |       |     1 ||     1
Evoke: Box of beasts     |       |       |     2 |     4 ||     6
       Wand              |       |       |     1 |       ||     1
  Use: Potion            |     1 |     1 |     1 |       ||     3
       Scroll            |       |       |     2 |     1 ||     3
Armor: Robe              |       |     3 |     1 |     1 ||     5
Dodge: Dodged            |       |    15 |    18 |    12 ||    45
       Rpst.: Scimitar   |       |       |     3 |     5 ||     8

Table legend: (Time is in decaauts)
 A = Elapsed time spent in this place.
 B = Non-inter-level travel time spent in this place.
 C = Inter-level travel time spent in this place.
 D = Time resting spent in this place.
 E = Time spent auto-exploring this place.
 F = Levels seen in this place.
 G = Mean time per level.
                   A        B        C        D        E       F      G
               +--------+--------+--------+--------+--------+-----+--------+
         Total |   3022 |   3022 |      0 |   1493 |   1054 |   1 | 3022.0 |
       Dungeon |   3022 |   3022 |      0 |   1493 |   1054 |   1 | 3022.0 |
               +--------+--------+--------+--------+--------+-----+--------+

Top non-repeatable levels by time:
       D: 3022 daAuts
